AoeStats
← 荀多多

Arabian Desert

510788485Analyzed
1v1 RM · 14h ago on Oct 2, 2026· 46m 12s· 2 players
Game mode
Random Map
Map size
Tiny (2 player)
Population
200
Speed
Normal
Resources
Standard
Victory
Conquest
Starting age
Dark Age
Ending age
Imperial Age
RankedLock teamsTeams togetherTeam positionsShared explorationLock speedFull tech treeHidden civsTurbo modeCheats
Victory
Defeat
🇷🇺 Spanish · Russia
921
+15
🇨🇳 Mongols · China
896
-42
荀多多
11:13 Feudal Age
12:04 Double-Bit Axe
18:21 Castle Age
16:16 Loom
16:17 Horse Collar
17:07 Fletching
18:43 Forging
20:19 Bodkin Arrow
25:43 Scale Barding Armor
25:52 Heavy Plow
27:48 Gold Mining
27:49 Stone Mining
28:12 Bloodlines
28:03 Husbandry
29:03 Wheelbarrow
33:26 Imperial Age
34:42 Bow Saw
36:48 Bracer
37:47 Ballistics
38:31 Town Watch
40:11 Iron Casting
42:16 Blast Furnace
43:16 Light Cavalry
46:12 Chemistry
45:18 Padded Archer Armor
munlite111
12:22 Feudal Age
17:19 Castle Age
18:50 Double-Bit Axe
26:31 Wheelbarrow
25:26 Elite Skirmisher
25:59 Fletching
27:29 Ballistics
28:53 Bow Saw
29:51 Bodkin Arrow
30:23 Padded Archer Armor
30:40 Thumb Ring
34:41 Bloodlines
34:32 Husbandry
35:34 Leather Archer Armor
38:11 Imperial Age
36:25 Horse Collar
38:13 Heavy Plow
38:30 Hand Cart
38:03 Loom
39:24 Conscription
39:11 Bracer
40:17 Cavalier
41:15 Scale Barding Armor
41:21 Forging
Connection lost

Rejoining the realm…

Still unreachable

The connection could not be restored.

Session expired

The server has moved on; the page needs a fresh start.